 Dungeon Crawl Stone Soup version 0.31-a0-161-gb58dd9be76 (webtiles) character file.

Game seed: 17208161391133585923

157 BrainTurd the Cudgeller (level 5, 0/32 HPs)
             Began as a Gargoyle Fighter on June 12, 2023.
             Killed from afar by Sigmund (11 damage)
             ... with a puff of flame
             ... on level 3 of the Dungeon.
             The game lasted 00:10:29 (2374 turns).

BrainTurd the Cudgeller (Gargoyle Fighter)          Turns: 2374, Time: 00:10:29

Health: 0/32       AC:  8    Str: 22    XL:     5   Next: 38%
Magic:  5/5        EV: 10    Int:  8    God:
Gold:   69         SH:  4    Dex:  9    Spells: 4/4 levels left

rFire   . . .        a - +0 flail
rCold   . . .        c - +0 buckler
rNeg    + . .        j - +1 leather armour {rPois}
rPois   ∞            (no helmet)
rElec   +            (no cloak)
rCorr   .            (no gloves)
SInv    .            (no boots)
Will    .....        (no amulet)
Stlth   +            (no ring)
HPRegen 0.25/turn    (no ring)
MPRegen 0.09/turn

%: no passive effects
@: no status effects
A: sickness immunity, AC +4, negative energy resistance 1, electricity
resistance, torment resistance 1, petrification resistance
a: no special abilities


You were on level 3 of the Dungeon.
You visited 1 branch of the dungeon, and saw 3 of its levels.

You collected 69 gold pieces.

Inventory:

Hand Weapons
 a - a +0 flail (weapon)
Armour
 c - a +0 buckler (worn)
 j - a +1 leather armour of poison resistance (worn)
Scrolls
 b - 3 scrolls of identify {unknown}
 e - a scroll of torment {unknown}
 l - a scroll of amnesia {unknown}
 m - a scroll of revelation {unknown}
 n - a scroll of teleportation {unknown}
Potions
 d - 2 potions of might
 f - 2 potions of ambrosia {unknown}
 g - a potion of enlightenment {unknown}
 h - 2 potions of berserk rage {unknown}
 i - 2 potions of magic {unknown}
 k - a potion of degeneration {unknown}


   Skills:
 - Level 3.3 Fighting
 + Level 5.3 Maces & Flails
 - Level 3.3 Armour
 - Level 3.3 Shields


You had 4 spell levels left.
You didn't know any spells.
Your spell library contained the following spells:

 Spells                   Type           Power      Damage    Failure   Level
 Magic Dart               Conj           0%         1d3       52%         1
 Call Imp                 Summ           0%         N/A       67%         2
 Mephitic Cloud           Conj/Pois/Air  0%         N/A       88%         3


Dungeon Overview and Level Annotations

Branches:
Dungeon (3/15)

Altars:
Qazlal

Annotations:
D:3 Sigmund


Innate Abilities, Weirdness & Mutations

You are immune to sickness and miasma.
Your stone body is resilient. (AC +4)
You are immune to poison.
You resist negative energy. (rN+)
You are resistant to electric shocks. (rElec)
You are resistant to unholy torment.
You are immune to petrification.


Message History

Sigmund shouts!
Sigmund flickers, as though insubstantial.
Sigmund is nearby!
Sorry, you're not good enough to have a special ability.
Sigmund casts a spell at you.
You are confused.
You're too confused to move!
Sigmund gestures at you while chanting. You resist with some effort.
You bump into the stone wall.
Sigmund casts a spell.
Sigmund flickers and vanishes!
Deactivating autopickup; reactivate with Ctrl-A.
You bump into the stone wall.
Something hits you but does no damage. Something hits you!
You feel less confused. Something hits you but does no damage.
You sock something! Something hits you but does no damage.
You barely miss something. Something hits you.
You thump something! Something hits you but does no damage.
You hit something.
You hear some strange, mumbled words.
You are confused.
You completely miss something. Something hits you but does no damage.
You bump into the stone wall.
You hear some strange, mumbled words.
A magic dart appears from out of thin air!
The magic dart hits you.
You completely miss something. Something hits you but does no damage.
You're too confused to move!
Something hits you but does no damage.
You bump into the stone wall.
You hear some strange, mumbled words.
A magic dart appears from out of thin air!
The magic dart hits you!
You bump into the metal wall.
You feel less confused.
You hear some strange, mumbled words.
A puff of flame appears from out of thin air!
The puff of flame hits you!
You die...

#(.# #.........# ##.## #+#
#.........# #..# ##.# ##.......##
##.## ###...# ##.....## +#...#
###.^.#.. ##...##
...#####..)####.## ##.##
.###.#...#'#..#..# #.#
##...##.##....##.## #.#
...#..#..#†.⌠..#@{# ##.######
.####.##.##....##.#######........
## +..#..#..###............#####
##.##.####...########.###
#..#..#...###.# #.# # ##.##...###
#.# #.# # ###...'.### #.# #.#
####...#####..####.######.#######
.#...### #..............#.##.....


There were no monsters in sight!

Vanquished Creatures
  Jessica (D:2)
  Natasha (twice) (D:2)
  2 adders
  2 worms (D:3)
  A dart slug (D:1)
  4 ball pythons
  2 endoplasms (D:1)
  A giant cockroach (D:1)
  4 goblins
  6 hobgoblins
  6 jackals
  5 quokkas
  4 bats
  2 frilled lizards (D:1)
  7 kobolds
  4 rats
53 creatures vanquished.

Notes
Turn   | Place    | Note
-------+----------+-------------------------------------------
     0 | D:1      | BrainTurd the Gargoyle Fighter began the quest for the Orb.
     0 | D:1      | Reached XP level 1. HP: 14/14 MP: 1/1
   175 | D:1      | Reached XP level 2. HP: 19/19 MP: 2/2
   445 | D:1      | Reached skill level 3 in Maces & Flails
   622 | D:1      | Reached XP level 3. HP: 18/23 MP: 3/3
   940 | D:2      | Identified the +10 hand axe "Nickal" {heavy, Int+2}
  1264 | D:2      | Noticed Jessica
  1267 | D:2      | Killed Jessica
  1268 | D:2      | Reached skill level 4 in Maces & Flails
  1268 | D:2      | Reached XP level 4. HP: 25/28 MP: 4/4
  1355 | D:2      | Noticed Natasha
  1377 | D:2      | Killed Natasha
  1787 | D:2      | Noticed Natasha
  1793 | D:2      | Killed Natasha
  1794 | D:2      | Reached skill level 5 in Maces & Flails
  1794 | D:2      | Reached XP level 5. HP: 32/32 MP: 5/5
  2051 | D:3      | Found a stormy altar of Qazlal.
  2353 | D:3      | Noticed Sigmund
  2374 | D:3      | Killed from afar by Sigmund

Illustrated notes

Levels and vault maps discovered:
D:1:      wander_arrival_estate, layout_basic
D:2:      layout_loops_corners, uniq_jessica, uniq_natasha
D:3:      minmay_skewed_foursquare, layout_loops_ring, grunt_qazlal_clouds,
          minmay_cut_off, uniq_sigmund

Skill      XL: |  1  2  3  4 |
---------------+-------------+-----
Maces & Flails | 3 4 5 |  5.3
Fighting       | |  3.3
Armour         | |  3.3
Shields        | |  3.3

Action                     |  1- 3 |  4- 6 || total
---------------------------+-------+-------++-------
  Melee: Flail             |   106 |    90 ||   196
 Armour: Scale mail        |    67 |     5 ||    72
         Leather armour    |       |    41 ||    41
  Dodge: Dodged            |    57 |    45 ||   102
  Block: Buckler           |    26 |    18 ||    44

Table legend: (Time is in decaauts)
 A = Elapsed time spent in this place.
 B = Non-inter-level travel time spent in this place.
 C = Inter-level travel time spent in this place.
 D = Time resting spent in this place.
 E = Time spent auto-exploring this place.
 F = Levels seen in this place.
 G = Mean time per level.
                   A        B        C        D        E       F      G
               +--------+--------+--------+--------+--------+-----+--------+
         Total |   2444 |   2406 |     38 |      0 |   1918 |   3 |  814.7 |
       Dungeon |   2444 |   2406 |     38 |      0 |   1918 |   3 |  814.7 |
               +--------+--------+--------+--------+--------+-----+--------+

Top non-repeatable levels by time:
     D:2: 972 daAuts
     D:1: 927 daAuts
     D:3: 545 daAuts
